 Dungeon Crawl Stone Soup version 0.31.0-12-g77e489cdc1 (webtiles) character file.

Game seed: 7248645342336061405

61 Gadfly the Insei (level 3, -1/29 HPs)
             Began as a Demonspawn Monk on Feb 12, 2024.
             Slain by a gnoll
             ... wielding a +0 halberd
              (6 damage)
             ... on level 2 of the Dungeon.
             The game lasted 00:02:28 (1583 turns).

Gadfly the Insei (Demonspawn Monk)                  Turns: 1583, Time: 00:02:29

Health: -1/29      AC:  2    Str: 13    XL:     3   Next: 83%
Magic:  1/1        EV: 15    Int: 10    God:
Gold:   65         SH:  0    Dex: 15    Spells: 2/2 levels left

rFire   . . .        b - +3 dagger of Wyshrot {antimagic, Stlth+}
rCold   . . .        c - orb {light}
rNeg    . . .        a - +0 robe
rPois   .            (no helmet)
rElec   .            (no cloak)
rCorr   .            (no gloves)
SInv    .            (no boots)
Will    .....        (no amulet)
Stlth   +            (no ring)
HPRegen 0.24/turn    (no ring)
MPRegen 0.07/turn

%: no passive effects
@: glowing
A: hooves 1, repulsion field 1
a: no special abilities


You were on level 2 of the Dungeon.
You visited 1 branch of the dungeon, and saw 2 of its levels.

You collected 65 gold pieces.

Inventory:

Hand Weapons
 b - the +3 dagger of Wyshrot (weapon) {antimagic, Stlth+}
   (You found it on level 2 of the Dungeon)

   Stlth+:    It makes you more stealthy.
 g - a +0 falchion
 h - a +2 whip of flaming
Armour
 a - a +0 robe (worn)
 c - an orb of light (worn)
Jewellery
 j - a +4 ring of protection
Scrolls
 i - a scroll of identify {unknown}
 k - a scroll of vulnerability {unknown}
Potions
 d - a potion of enlightenment {unknown}
 e - a potion of haste {unknown}
 f - a potion of invisibility {unknown}


   Skills:
 - Level 3.0 Fighting
 + Level 3.0 Dodging
 * Level 3.2 Unarmed Combat
 * Level 1.6 Evocations
 * Level 1.3 Shapeshifting


You had 2 spell levels left.
You didn't know any spells.
Your spell library contained the following spells:

 Spells                   Type           Power      Damage    Failure   Level
 Sandblast                Erth           0%         2d4       36%         1
 Call Canine Familiar     Summ           0%         N/A       75%         3
 Passwall                 Erth           0%         N/A       75%         3
 Sigil of Binding         Hex            0%         N/A       75%         3
 Stone Arrow              Conj/Erth      0%         3d7       75%         3
 Brom's Barrelling Bould  Conj/Erth      0%         2d3       98%         4
 Dimensional Bullseye     Hex/Tloc       0%         N/A       98%         4


Dungeon Overview and Level Annotations

Branches:
Dungeon (2/15)

Altars:


Innate Abilities, Weirdness & Mutations

You have large cloven feet.
You are surrounded by a mild repulsion field. (EV +2)


Message History

Found a stone staircase leading down.
You now have 49 gold pieces (gained 10).
k - a scroll labelled WUUKORY DAQISE No target in view!
Found a stone staircase leading down.
A kobold comes into view. It is wielding a +0 dagger.
The kobold shouts!
The kobold throws a stone.
The stone misses you. The kobold hits you with a +0 dagger.
You barely miss the kobold. You kick the kobold.
You kill the kobold!
Your Dodging skill increases to level 3!
No target in view!
No target in view!
No target in view!
No target in view!
No target in view!
HP restored.
You now have 65 gold pieces (gained 16).
Things that are here:
a +0 dagger; 14 stones; a kobold corpse A gnoll comes into view.
It is wielding a +0 halberd.
The gnoll shouts!
A gnoll is nearby!
A gnoll comes into view. It is wielding a +0 halberd.
The gnoll shouts!
A gnoll comes into view.
It is wielding a +1 whip of flaming and quivering a throwing net.
The gnoll hits you with a +0 halberd!
You hit the gnoll.
The gnoll is lightly wounded.
The gnoll closely misses you. The gnoll misses you.
You barely miss the gnoll.
The gnoll is lightly wounded.
The gnoll misses you. The gnoll barely misses you.
You hit the gnoll. You kick the gnoll.
The gnoll is severely wounded.
The gnoll hits you from afar with a +0 halberd!
* * * LOW HITPOINT WARNING * * *
The gnoll hits you with a +0 halberd.
You die...

.......# #.#
.#####.# #.#
.# #.#####.##
.#
#.....#..####
.#
#.#.).......#
.#
#.#.#######.#
.. ..#.# #.#
###.#.##.#
#.# ....#.
#.# #@#
#####. #.#
#g# .. .. #.#
#g# ## #. #g#
..# ###


You could see 3 gnolls.

Vanquished Creatures
  2 gnolls (D:1)
  7 endoplasms (D:1)
  2 giant cockroaches (D:1)
  4 goblins (D:1)
  A hobgoblin (D:1)
  3 jackals (D:1)
  2 quokkas (D:1)
  A ball python (D:1)
  4 bats (D:1)
  2 frilled lizards (D:1)
  6 kobolds
  5 rats
39 creatures vanquished.

Notes
Turn   | Place    | Note
-------+----------+-------------------------------------------
     0 | D:1      | Gadfly the Demonspawn Monk began the quest for the Orb.
     0 | D:1      | Reached XP level 1. HP: 18/18 MP: 1/1
   118 | D:1      | Gained mutation: You have large cloven feet. [demonic
                  | ancestry]
   118 | D:1      | Reached XP level 2. HP: 17/24 MP: 2/2
   244 | D:1      | Reached skill level 1 in Evocations
   248 | D:1      | Reached skill level 1 in Shapeshifting
   434 | D:1      | Gained mutation: You are surrounded by a mild repulsion
                  | field. (EV +2) [demonic ancestry]
   434 | D:1      | Reached XP level 3. HP: 29/29 MP: 3/3
  1385 | D:2      | Identified the +3 dagger of Wyshrot {antimagic, Stlth+}
  1583 | D:2      | Slain by a gnoll

Illustrated notes

Levels and vault maps discovered:
D:1:      matt_arrival_grand_opening, layout_basic, serial_co_window_serial,
          co_window_paths_a, co_window_of_opportunity_a,
          co_window_of_opportunity_a, co_window_paths_b, co_window_cross_1,
          co_window_2corner, co_window_corner_b, co_window_broadway_b,
          co_window_of_opportunity_c, co_window_paths_d, glass_columns_b
D:2:      layout_loops_ring, ebering_ecumenical_altar_hall, basic_altar

Skill      XL: |  1  2  3 |
---------------+----------+-----
Unarmed Combat | 3 |  3.2
Evocations     | 1 |  1.6
Shapeshifting  | 1 |  1.3
Dodging        | 3 |  3.0
Fighting       | |  3.0

Action                     || total
---------------------------++-------
  Melee: Unarmed           ||    86
         Kick              ||    26
         Whip              ||    13
         Dagger            ||     4
    Use: Potion            ||     1
   Stab: Sleeping          ||     2
 Armour: Robe              ||    50
  Dodge: Dodged            ||    91
